 Dungeon Crawl Stone Soup version 0.28.0-43-g3370ac3207 (webtiles) character file.

Game seed: 11166405189870084265

1328 Araneus the Basher (level 8, 0/58 HPs)
             Began as a Demonspawn Fighter on Mar 10, 2022.
             Was an Initiate of Okawaru.
             Slain by an ogre
             ... wielding a +0 giant club
              (25 damage)
             ... on level 5 of the Dungeon.
             The game lasted 00:08:20 (6284 turns).

Araneus the Basher (Demonspawn Fighter)             Turns: 6284, Time: 00:08:21

Health: 0/58       AC:  8    Str: 19    XL:     8   Next: 34%
Magic:  8/8        EV:  9    Int: 10    God:    Okawaru [......]
Gold:   234        SH:  4    Dex: 12    Spells: 7/7 levels left

rFire   . . .      SeeInvis .   k - +1 whip (freeze)
rCold   . . .      Faith    .   c - +0 buckler
rNeg    + . .      Spirit   .   b - +0 scale mail
rPois   .          Reflect  .   l - +1 helmet
rElec   .          Harm     .   (no cloak)
rCorr   .          Rampage  .   (no gloves)
Will    .....                   (no boots)
Stlth   ..........              (no amulet)
HPRegen 0.19/turn               i - ring of positive energy
MPRegen 0.22/turn               (no ring)

@: studying Polearms
A: powered by pain 1, magic regeneration
a: Renounce Religion


You were on level 5 of the Dungeon.
You worshipped Okawaru.
Okawaru was noncommittal.
You visited 2 branches of the dungeon, and saw 6 of its levels.

You collected 234 gold pieces.

Inventory:

Hand Weapons
 a - a +0 flail
 k - a +1 whip of freezing (weapon)
Armour
 b - a +0 scale mail (worn)
 c - a +0 buckler (worn)
 l - a +1 helmet (worn)
Jewellery
 d - an amulet of faith
 e - a ring of fire
 i - a ring of positive energy (left hand)
 m - a ring of positive energy
 n - a +4 ring of slaying
 p - a ring of ice
 r - a +4 ring of evasion
Scrolls
 f - a scroll of immolation {unknown}
 g - 2 scrolls of teleportation
 h - 3 scrolls of identify {unknown}
 j - a scroll of fog {unknown}
 o - a scroll of enchant weapon {unknown}
 q - a scroll of amnesia {unknown}


   Skills:
 - Level 3.0 Fighting
 + Level 9.5 Maces & Flails
 - Level 2.6 Armour
 - Level 2.6 Shields


You had 7 spell levels left.
You didn't know any spells.
Your spell library contained the following spells:

 Spells                   Type           Power      Damage    Failure   Level
 Corpse Rot               Necr/Air       0%         N/A       93%         2
 Poisonous Vapours        Pois/Air       0%         N/A       93%         2
 Scorch                   Fire           0%         2d5       93%         2
 Flame Wave               Conj/Fire      0%         2d4       100%        4
 Summon Cactus Giant      Summ           Unusable   N/A       N/A         6

Dungeon Overview and Level Annotations

Branches:
Dungeon (5/15)             Temple (1/1) D:5

Altars:
Ashenzari
Cheibriados
Dithmenos
Elyvilon
Fedhas
Gozag
Kikubaaqudgha
Makhleb
Nemelex Xobeh
Okawaru
Qazlal
Ru
Sif Muna
Trog
Uskayaw
Vehumet
Wu Jian
Yredelemnul
Zin
The Shining One


Innate Abilities, Weirdness & Mutations

You sometimes gain a little power by taking damage.
You regenerate magic rapidly.


Message History

The iguana is moderately wounded.
You block the iguana's attack.
You closely miss the iguana.
The iguana is moderately wounded.
You hit the iguana. You freeze the iguana.
The iguana is heavily wounded.
The iguana bites you.
You barely miss the iguana.
The iguana is heavily wounded.
You hit the iguana.
The iguana seems to slow down.
You freeze the iguana.
The iguana is almost dead.
The iguana bites you.
You hit the iguana.
The iguana seems to slow down.
You freeze the iguana.
You kill the iguana!
Okawaru accepts your kill.
No target in view!
An ogre comes into view. It is wielding a +0 giant club.
The ogre shouts!
You block the ogre's attack.
You hit the ogre but do no damage. You hit the ogre. You freeze the ogre.
The ogre is moderately wounded.
The ogre barely misses you.
You hit the ogre. You freeze the ogre.
The ogre is moderately wounded.
You hit the ogre but do no damage.
The ogre is moderately wounded.
The ogre hits you with a +0 giant club!
You are too injured to fight recklessly!
You are too injured to fight recklessly!
You are too injured to fight recklessly!
You are too injured to fight recklessly!
You are too injured to fight recklessly!
You are too injured to fight recklessly!
You hit the ogre. You freeze the ogre.
The ogre is heavily wounded.
You hit the ogre. You freeze the ogre.
The ogre is severely wounded.
The ogre hits you with a +0 giant club!!
You die...

.######.### # ..# #.#
# #.# #.# # #.# #.# #
#.# #<# # #.# #.# #
.#### #.# #.# ##
......######.######.#
##. #.!..@O†........
#..
##############.#######
#.. ......## ##.#.#
#.. ###...#####.###.#
##. #..........## #.#
#. #.#...#####.#
##########. ##..# #.#.
#.>...... ##.# #.#
#.######. #.# #.# #.#
####.


You could see an ogre.

Vanquished Creatures
  Pikel (D:4)
  2 sky beasts (D:5)
  An ogre (D:3)
  A wyvern zombie (D:5)
  A wyvern skeleton (D:4)
  A water moccasin zombie (D:3)
  A howler monkey (D:4)
  A hound (D:5)
  A jelly (D:5)
  A centaur skeleton (D:4)
  An orc priest (D:3)
  2 iguanas
  Natasha (twice) (D:4)
  10 adders
  An adder skeleton (D:4)
  2 worms (D:3)
  6 dart slugs
  8 orcs
  3 endoplasms
  4 giant cockroaches
  6 hobgoblins
  7 jackals
  5 quokkas
  6 ball pythons
  5 bats
  2 frilled lizards
  7 goblins
  6 kobolds (D:3)
  5 rats
99 creatures vanquished.

Notes
Turn   | Place    | Note
-------+----------+-------------------------------------------
     0 | D:1      | Araneus the Demonspawn Fighter began the quest for the Orb.
     0 | D:1      | Reached XP level 1. HP: 18/18 MP: 1/1
    53 | D:1      | Reached skill level 2 in Maces & Flails
   409 | D:1      | Gained mutation: You regenerate magic rapidly. [demonic
                  | ancestry]
   409 | D:1      | Reached XP level 2. HP: 24/24 MP: 2/2
   787 | D:1      | Reached skill level 3 in Maces & Flails
  1108 | D:2      | Found a faded altar of an unknown god.
  1187 | D:2      | Reached XP level 3. HP: 21/29 MP: 3/3
  1784 | D:3      | Reached XP level 4. HP: 34/35 MP: 4/4
  1925 | D:3      | Reached skill level 4 in Maces & Flails
  2146 | D:3      | HP: 1/52 [orc/+0 short sword (2)]
  2499 | D:3      | Noticed an ogre
  2874 | D:3      | Reached skill level 5 in Maces & Flails
  2874 | D:3      | Reached XP level 5. HP: 23/41 MP: 5/5
  3052 | D:3      | Killed an ogre
  3417 | D:3      | Reached XP level 6. HP: 22/47 MP: 6/6
  3607 | D:3      | Reached skill level 6 in Maces & Flails
  3923 | D:4      | Noticed Pikel
  3953 | D:4      | HP: 1/47 [Pikel/+1 whip of freezing (2)]
  3955 | D:4      | Killed Pikel
  3956 | D:4      | Reached skill level 8 in Maces & Flails
  3956 | D:4      | Reached XP level 7. HP: 2/52 MP: 7/7
  4263 | D:4      | Noticed Natasha
  4287 | D:4      | Killed Natasha
  4879 | D:4      | Noticed Natasha
  4886 | D:4      | Killed Natasha
  5032 | D:5      | Entered Level 5 of the Dungeon
  5144 | D:5      | Found a staircase to the Ecumenical Temple.
  5149 | Temple   | Entered the Ecumenical Temple
  5401 | Temple   | Became a worshipper of Warmaster Okawaru
  5526 | D:5      | Gained mutation: You sometimes gain a little power by
                  | taking damage. [demonic ancestry]
  5526 | D:5      | Reached XP level 8. HP: 35/58 MP: 8/8
  5671 | D:5      | Reached skill level 9 in Maces & Flails
  6284 | D:5      | Slain by an ogre

Illustrated notes

Levels and vault maps discovered:
D:1:      dpeg_arrival_tiny_k, layout_basic, minmay_hedge_maze,
          amcnicky_mini_rare_corridor_liquid
D:2:      layout_rooms, basic_ecumenical_altar
D:3:      minmay_octagon_keep, layout_loops_ring
D:4:      layout_basic, grunt_ministairs_13, uniq_pikel, uniq_natasha
D:5:      layout_loops_ring, temple_statues
Temple:   mainiacjoe_temple_cubbyholes

Skill      XL: |  1  2  3  4  5  6  7  8 |
---------------+-------------------------+-----
Maces & Flails | 2 3 5 8 9 |  9.5
Fighting       | |  3.0
Armour         | |  2.6
Shields        | |  2.6

Action                   |  1- 3 |  4- 6 |  7- 9 || total
-------------------------+-------+-------+-------++-------
Melee: Flail             |   126 |   153 |       ||   279
       Whip              |       |       |   174 ||   174
  Use: Potion            |       |     9 |       ||     9
       Scroll            |       |     1 |       ||     1
 Stab: Invisible         |       |     1 |       ||     1
       Distracted        |       |     1 |       ||     1
Armor: Scale mail        |    48 |    50 |    47 ||   145
       Skin              |       |    89 |       ||    89
Dodge: Dodged            |    60 |    50 |    40 ||   150
Block: Buckler           |    33 |    47 |    14 ||    94
